 Dungeon Crawl Stone Soup version 0.31.0-1-g2c135a008e (webtiles) character file.

Game seed: 17152491848764850088

163 qw the Shooter (level 5, -1/40 HPs)
             Began as a Djinni Hunter on Jan 23, 2024.
             Slain by a gnoll
             ... wielding a +0 halberd
              (11 damage)
             ... on level 4 of the Dungeon.
             The game lasted 00:00:11 (3146 turns).

qw the Shooter (Djinni Hunter)                      Turns: 3146, Time: 00:00:12

Health: -1/40      AC:  7    Str: 10    XL:     5   Next: 72%
Gold:   164        EV: 11    Int: 10    God:
                   SH:  0    Dex: 19

rFire   + + .        a - +0 shortbow
rCold   x . .        (shield currently unavailable)
rNeg    . . .        d - +0 ring mail
rPois   inf          (no helmet)
rElec   .            (no cloak)
rCorr   .            j - +1 pair of gloves
SInv    .            (boots unavailable)
Will    .....        (no amulet)
Stlth   +            (no ring)
HPRegen 0.26/turn    (no ring)
MPRegen 0.00/turn

%: infuse magic (-2 HP)
@: flying
A: sickness immunity, fire resistance 2, cold vulnerability 1, float, innate
caster, HP casting, extra vitality 1
a: no special abilities


You were on level 4 of the Dungeon.
You visited 1 branch of the dungeon, and saw 4 of its levels.

You collected 164 gold pieces.


Innate Abilities, Weirdness & Mutations

You are immune to sickness and miasma.
You are immune to poison.
Your flesh is very heat resistant. (rF++)
You are vulnerable to cold. (rC-)
You float through the air rather than walking.
You learn spells naturally, not from books.
Your magical power is your life essence.
You have superior vitality. (+4 MHP)


   Skills:
 - Level 3.0 Fighting
 + Level 4.9 Ranged Weapons
 - Level 1.0 Armour
 - Level 2.1 Dodging
 - Level 0.7 Stealth


You knew the following spells:

 Your Spells              Type           Power      Damage    Failure   Level
a - Magic Dart            Conj           0%         1d3       67%         1
b - Scorch                Fire           0%         2d5       82%         2
Your spell library was empty.

Inventory:

Hand Weapons
 a - a +0 shortbow (weapon)
Armour
 d - a +0 ring mail (worn)
 j - a +1 pair of gloves (worn)
Scrolls
 b - a scroll of revelation {unknown}
 c - a scroll of identify
Potions
 e - a potion of curing
 f - a potion of might
 g - 3 potions of enlightenment
 h - a potion of magic {unknown}
 i - a potion of heal wounds
 k - 2 potions of brilliance {unknown}
 l - a potion of ambrosia {unknown}

Dungeon Overview and Level Annotations

Branches:
Dungeon (4/15)
 Temple: D:4-7

Altars:


Message History

The arrow hits the shadow imp!
The shadow imp is severely wounded.
The ufetubus closely misses you. The ufetubus misses you.
You shoot an arrow. The arrow barely misses the shadow imp.
The arrow hits the ufetubus!
You kill the ufetubus!
A gnoll comes into view. It is wielding a +0 halberd.
You shoot an arrow.
The arrow closely misses the shadow imp.
The gnoll shouts!
The arrow hits the endoplasm.
The endoplasm is almost dead.
The shadow imp hits you but does no damage.
The shadow imp hits you. The endoplasm closely misses you.
You shoot an arrow. The arrow hits the endoplasm.
You kill the endoplasm!
The shadow imp barely misses you. The goblin hits you but does no damage.
You shoot an arrow. The arrow hits the shadow imp!
You kill the shadow imp!
The quokka barely misses you. The goblin barely misses you.
The quokka bites you but does no damage.
You shoot an arrow. The arrow hits the quokka.
The quokka is almost dead.
An endoplasm comes into view.
The goblin closely misses you.
The quokka bites you but does no damage.
The gnoll hits you from afar with a +0 halberd!
The goblin hits you but does no damage.
The endoplasm moves out of view.
You shoot an arrow. The arrow misses the quokka.
The quokka barely misses you.
The gnoll hits you from afar with a +0 halberd.
The goblin hits you but does no damage. The quokka barely misses you.
You shoot an arrow. The arrow barely misses the quokka.
The quokka bites you but does no damage.
The gnoll misses you. The goblin hits you but does no damage.
You shoot an arrow. The arrow hits the quokka.
You kill the quokka!
The goblin hits you but does no damage.
The gnoll hits you from afar with a +0 halberd! x2
You die...

#### ?### #(.#
.....#g.###
....Bg.@#.#######
.....#%.....#...#
#..
#..........### #
#............#
###..........#
#..........#
.....#.....####
#....##........##
###.............#


You could see a bombardier beetle, a gnoll and a goblin.

Vanquished Creatures
  A hound (D:3)
  4 adders
  A shadow imp (D:4)
  2 ufetubi (D:4)
  2 dart slugs
  A ribbon worm (D:2)
  2 orcs
  7 ball pythons
  15 endoplasms
  2 giant cockroaches
  5 goblins
  7 hobgoblins
  4 quokkas
  6 bats
  4 frilled lizards
  2 kobolds
  A rat (D:2)
66 creatures vanquished.

Notes
Turn   | Place    | Note
-------+----------+-------------------------------------------
     0 | D:1      | qw the Djinni Hunter began the quest for the Orb.
     0 | D:1      | Reached XP level 1. HP: 18/18 MP: 0/0
     0 | D:1      | 0 ||| qw: Version: 0.3-a-135-gb77e89d
     0 | D:1      | 0 ||| qw: Game counter: 782
     0 | D:1      | 0 ||| qw: Melee chars always use a shield: true
     0 | D:1      | 0 ||| qw: God list: Okawaru
     0 | D:1      | 0 ||| qw: Allow faded altars: false
     0 | D:1      | 0 ||| qw: Do Orc after clearing Dungeon:15 true
     0 | D:1      | 0 ||| qw: Do second Lair branch before Depths: true
     0 | D:1      | 0 ||| qw: Lair rune preference: random
     0 | D:1      | 0 ||| qw: Goals: Normal
     0 | D:1      | 0 ||| PLANNING D:1-11
   157 | D:1      | Reached XP level 2. HP: 23/23 MP: 0/0
   691 | D:1      | 691 ||| UPGRADING to +0 ring mail.
   701 | D:1      | 701 ||| DROPPING +0 leather armour.
   702 | D:1      | 702 ||| UPGRADING to +0 pair of gloves.
   707 | D:1      | 707 ||| READING scroll labelled INI USTUPTO.
   707 | D:1      | 707 ||| IDENTIFYING fuming red potion
   708 | D:1      | 708 ||| DROPPING scroll of butterflies.
   763 | D:2      | Reached XP level 3. HP: 28/28 MP: 0/0
   763 | D:2      | Learned a level 1 spell: Magic Dart
   770 | D:2      | 770 ||| FLEEEEING.
   771 | D:2      | 771 ||| FLEEEEING.
   772 | D:2      | 772 ||| STAIRDANCE
   804 | D:2      | 804 ||| STAIRDANCE
   844 | D:2      | 844 ||| STAIRDANCE
   867 | D:2      | Reached skill level 1 in Armour
   898 | D:2      | 898 ||| READING scroll labelled ADULIL OSTYOR.
   898 | D:2      | 898 ||| ENCHANTING +0 pair of gloves.
   899 | D:2      | 899 ||| DRINKING 2 pink potions.
   908 | D:2      | Reached skill level 4 in Ranged Weapons
  1054 | D:2      | Reached XP level 4. HP: 34/34 MP: 0/0
  1311 | D:2      | 1311 ||| READING scroll labelled FUGRAA UTTEBOLL.
  1312 | D:2      | 1312 ||| DRINKING 2 yellow potions.
  1839 | D:3      | Reached skill level 3 in Fighting
  1916 | D:3      | 1916 ||| DRINKING 2 orange potions.
  1952 | D:3      | 1952 ||| DRINKING 2 puce potions.
  1953 | D:3      | 1953 ||| DROPPING potion of lignification.
  2398 | D:3      | 2398 ||| READING scroll of identify.
  2398 | D:3      | 2398 ||| IDENTIFYING viscous clear potion
  2399 | D:3      | 2399 ||| DROPPING potion of attraction.
  2616 | D:3      | Reached XP level 5. HP: 32/40 MP: 0/0
  2616 | D:3      | Learned a level 2 spell: Scorch
  2653 | D:3      | 2653 ||| READING scroll labelled SAPABO KONUU.
  3146 | D:4      | HP: 10/40 [gnoll/+0 halberd (9)]
  3146 | D:4      | Slain by a gnoll

Levels and vault maps discovered:
D:1:      sevenhm_arrival_forest_fort_small_4, layout_loops_cross
D:2:      layout_rooms, serial_co_window_serial, co_window_paths_a,
          co_window_paths_a, co_window_corner_a, co_window_cross_1,
          co_window_paths_b, co_window_paths_b, co_window_paths_a,
          co_window_corner_cb, co_window_unsneaky_path_b, co_window_broadway_c,
          co_window_broadway_c, co_window_unsneaky_path_c, co_window_paths_d,
          glass_columns_a, glass_columns_a, glass_columns_b, glass_columns_a,
          minmay_misc_feat_ornament
D:3:      layout_basic
D:4:      minmay_recursive_quarters, layout_cave_pools, st_stairs_6

Skill      XL: |  1  2  3  4 |
---------------+-------------+-----
Armour         | 1 |  1.0
Ranged Weapons | 4 |  4.9
Fighting       | 3 |  3.0
Dodging        | |  2.1
Stealth        | |  0.7

Action                     |  1- 3 |  4- 6 || total
---------------------------+-------+-------++-------
   Fire: Shortbow          |    98 |   107 ||   205
    Use: Scroll            |     2 |     3 ||     5
         Potion            |     1 |     3 ||     4
 Armour: Leather armour    |    13 |       ||    13
         Ring mail         |    29 |    51 ||    80
  Dodge: Dodged            |    26 |    44 ||    70

Table legend:
 A = Non-vault XP
 B = Vault XP
 C = Vault XP percentage of total XP
 D = Non-vault monster count
 E = Vault monster count
 F = Vault count percentage of total count
                 A         B        C        D         E       F
            +---------+---------+-------+---------+---------+-------
      Total |     219 |      16 |   6.8 |      63 |       3 |   4.5
            +---------+---------+-------+---------+---------+-------
        D:1 |      31 |       0 |   0.0 |      18 |       0 |   0.0
        D:2 |      65 |       0 |   0.0 |      22 |       0 |   0.0
        D:3 |      65 |       0 |   0.0 |      12 |       0 |   0.0
        D:4 |      58 |      16 |  21.6 |      11 |       3 |  21.4
            +---------+---------+-------+---------+---------+-------
